 Dungeon Crawl Stone Soup version 0.18-a0-641-g4caf58e (webtiles) character file.

3588 AnCiEnTIStOnEIBeAsT the Destroyer (level 10, -3/56 HPs)
             Began as an Octopode Fire Elementalist on Dec 5, 2015.
             Slain by a komodo dragon (32 damage)
             ... on level 8 of the Dungeon.
             The game lasted 00:34:55 (11564 turns).

AnCiEnTIStOnEIBeAsT the Destroyer (OpFE)           Turns: 11564, Time: 00:34:57

Health: -3/56      AC:  1    Str:  8    XL:     10   Next: 10%
Magic:  7/18       EV: 12    Int: 20    God:
Gold:   415        SH:  0    Dex: 13    Spells: 4 memorised, 10 levels left

rFire  . . .     SeeInvis .     h - +0 hunting sling
rCold  . . .     Clarity  .     (no shield)
rNeg   . . .     SustAt   .     (helmet restricted)
rPois  .         Gourm    .     (no amulet)
rElec  .         Spirit   .     (no ring)
rCorr  .         Dismiss  .     (no ring)
rMut   .         Stasis   .     (no ring)
MR     .....                    (no ring)
Stlth  +++.......               (no ring)
                                (no ring)
                                (no ring)
                                (no ring)

@: not resistant to hostile enchantments, fairly stealthy
A: almost no armour, amphibious, 8 rings, constrict 8, antennae 1, camouflage 1,
blurry vision 1, low mp 1, mutation resistance 1, wild magic 1, gelatinous body
1
a: no special abilities


You were on level 8 of the Dungeon.
You were hungry.

You visited 2 branches of the dungeon, and saw 9 of its levels.

You collected 415 gold pieces.

Inventory:

Hand Weapons
 d - a +1 rapier of venom
 h - a +0 hunting sling (weapon)
 I - a +4 quarterstaff of chaos
Missiles
 c - 191 stones (quivered)
 p - 43 sling bullets
 q - 2 throwing nets
 r - 28 poisoned needles
 x - 3 curare-tipped needles
 y - 7 needles of confusion
 D - 2 tomahawks
Jewellery
 m - an uncursed ring of ice
Wands
 w - a wand of confusion (23)
 z - a wand of draining (12)
 H - a wand of polymorph (10)
 M - a wand of fire (11)
Scrolls
 e - 3 scrolls of fear
 g - a scroll of enchant weapon {unknown}
 i - 3 scrolls of teleportation
 j - 3 scrolls of remove curse
 k - 2 scrolls of recharging {unknown}
 l - 2 scrolls of random uselessness {unknown}
 n - 2 scrolls of magic mapping {unknown}
 o - a scroll of noise {unknown}
 t - 7 scrolls of identify
 u - a scroll of amnesia {unknown}
 v - 2 scrolls of blinking {unknown}
 B - a scroll of immolation {unknown}
 K - a scroll of enchant armour {unknown}
Potions
 f - 2 potions of curing
 A - a potion of invisibility
 C - a potion of mutation
 E - a potion of poison {unknown}
 G - a potion of lignification {unknown}
Books
 a - a book of Flames

   Spells                             Type                      Level
   a - Flame Tongue                   Conjuration/Fire             1
   b - Throw Flame                    Conjuration/Fire             2
   c - Conjure Flame                  Conjuration/Fire             3
   d - Inner Flame                    Hexes/Fire                   3
   e - Sticky Flame                   Conjuration/Fire             4
   f - Fireball                       Conjuration/Fire             5
Miscellaneous
 L - a plain deck of changes
Comestibles
 b - 3 bread rations
 s - 4 meat rations
 F - a slice of pizza


   Skills:
 - Level 2.0 Dodging
 - Level 2.6 Stealth
 + Level 7.1 Spellcasting
 * Level 9.2 Conjurations
 * Level 8.4 Fire Magic


You had 10 spell levels left.
You knew the following spells:

 Your Spells              Type           Power        Failure   Level  Hunger
a - Flame Tongue          Conj/Fire      #####        1%          1    None
b - Conjure Flame         Conj/Fire      ######..     3%          3    #......
c - Sticky Flame          Conj/Fire      ######..     7%          4    ###....
d - Fireball              Conj/Fire      ######....   19%         5    #####..


Dungeon Overview and Level Annotations

Branches:
Dungeon (8/15)             Temple (1/1) D:5
   Lair: D:8-11

Altars:
Ashenzari
Cheibriados
Dithmenos
Elyvilon
Fedhas
Gozag
Kikubaaqudgha
Makhleb
Nemelex Xobeh
Pakellas
Qazlal
Ru
Sif Muna
Trog
Xom
Yredelemnul
Zin
The Shining One

Annotations:
D:4 Proton's ghost, amateur FoFi
D:6 Pikel


Innate Abilities, Weirdness & Mutations

You cannot wear most types of armour.
You are amphibious.
You can wear up to eight rings at the same time.
You can use your tentacles to constrict eight enemies at once.
Your skin changes colour to match your surroundings (Stealth).
Your rubbery body absorbs attacks (AC +1).
You have a pair of small antennae on your head.
Scrolls take you a little longer to read.
Your magical capacity is low (-10% MP).
You are somewhat resistant to further mutation.
Your spells are a little harder to cast, but a little more powerful.


Message History

Press: ? - help, Shift-Dir - straight line, f - komodo dragon
Aim: a komodo dragon (flame, moderately wounded)
The flame tongue hits the komodo dragon.
The komodo dragon appears unharmed.
The komodo dragon is moderately wounded.
The komodo dragon is engulfed in roaring flames.
The komodo dragon bites you!!
Casting: Flame Tongue
Confirm with . or Enter, or press ? or * to list all spells.
Aiming: Sticky Flame
Press: ? - help, Shift-Dir - straight line, f/p - komodo dragon
Aim: a komodo dragon (flame, heavily wounded)
The sticky flame hits the komodo dragon.
The komodo dragon is severely wounded.
The komodo dragon is covered in liquid flames!
The komodo dragon burns!
The komodo dragon is engulfed in roaring flames.
The komodo dragon bites you!!
Ouch! That really hurt!
You die...

## ####.####
#o§l###.#####
#.l.###@.......#
.o# ########.# #.#
#.# #.# #.# ####
###### ##### ##.#
...# #....# #...#
#..# ...#
#....####.#.###.##


You could see a komodo dragon (burning) and an orc warrior.

Vanquished Creatures
  Eustachio (D:5)
  A hungry ghost (D:7)
  A water moccasin (D:8)
  An orc warrior (D:8)
  4 ice beasts
  A black bear (D:8)
  4 sky beasts
  A phantom (D:8)
  A necrophage (D:7)
  An ogre (D:5)
  2 slaves (D:6)
  A giant frog (D:6)
  2 water moccasin zombies (D:6)
  A water moccasin skeleton (D:7)
  3 scorpions
  4 killer bees (D:8)
  An electric eel (D:7)
  3 giant frog zombies
  2 crimson imps
  2 centaur zombies
  6 orc priests
  Crazy Yiuf (D:7)
  A centaur skeleton (D:3)
  5 hounds
  A jelly (D:6)
  An iguana (D:7)
  2 giant frog skeletons (D:8)
  7 orc wizards
  6 worker ants
  A hound skeleton (D:6)
  2 worker ant zombies
  13 adders
  3 gnolls (D:2)
  3 oozes
  2 adder zombies
  5 worms
  3 adder skeletons
  5 giant geckos
  31 orcs
  7 giant cockroaches
  12 goblins
  8 hobgoblins
  8 jackals (D:2)
  9 kobolds
  A quokka (D:8)
  A ball python (D:3)
  8 bats
  A giant gecko zombie (D:5)
  4 giant newts
  A jackal skeleton (D:6)
  A jackal zombie (D:3)
  A quokka zombie (D:5)
  12 rats
209 creatures vanquished.

Notes
Turn   | Place    | Note
--------------------------------------------------------------
     0 | D:1      | AnCiEnTIStOnEIBeAsT the Octopode Fire Elementalist began the quest for the Orb.
     0 | D:1      | Reached XP level 1. HP: 11/11 MP: 3/3
   383 | D:1      | Reached XP level 2. HP: 17/17 MP: 0/5
   930 | D:1      | Reached XP level 3. HP: 21/21 MP: 4/6
  1191 | D:1      | Learned a level 3 spell: Conjure Flame
  1222 | D:2      | Found an ancient bone altar of Kikubaaqudgha.
  1614 | D:2      | Reached XP level 4. HP: 15/27 MP: 4/8
  2087 | D:2      | Reached XP level 5. HP: 29/31 MP: 6/10
  2094 | D:2      | Learned a level 4 spell: Sticky Flame
  2116 | D:2      | Found an oddly glowing altar of Pakellas.
  2236 | D:2      | Found an opulent altar of Gozag.
  2366 | D:2      | Reached skill level 4 in Fire Magic
  3369 | D:3      | Reached XP level 6. HP: 34/36 MP: 4/11
  3818 | D:4      | Noticed Proton's ghost (amateur FoFi)
  3932 | D:5      | Entered Level 5 of the Dungeon
  4691 | D:5      | Found a sacrificial altar of Ru.
  4718 | D:5      | Reached XP level 7. HP: 41/41 MP: 4/13
  4739 | D:5      | Learned a level 5 spell: Fireball
  4773 | D:5      | Noticed Eustachio
  5271 | D:5      | Found a staircase to the Ecumenical Temple.
  5470 | Temple   | Entered the Ecumenical Temple
  5541 | D:5      | Reached skill level 5 in Conjurations
  5541 | D:5      | Reached skill level 5 in Fire Magic
  5748 | D:5      | Reached skill level 5 in Spellcasting
  5812 | D:5      | Gained mutation: You have a pair of small antennae on your head. [mutagenic meat]
  5813 | D:5      | Gained mutation: Your magical capacity is low (-10% MP). [mutagenic meat]
  5814 | D:5      | Gained mutation: You are robust (+10% HP). [mutagenic meat]
  5815 | D:5      | Gained mutation: You are weak. (Str -2) [mutagenic meat]
  5816 | D:5      | Gained mutation: Scrolls take you a little longer to read. [mutagenic meat]
  5848 | D:5      | Reached XP level 8. HP: 50/50 MP: 8/14
  6324 | D:5      | Killed Eustachio
  6324 | D:5      | Reached skill level 6 in Conjurations
  7038 | D:6      | Found a stormy altar of Qazlal.
  7087 | D:6      | Reached skill level 7 in Conjurations
  7159 | D:6      | Found a burning altar of Makhleb.
  7946 | D:6      | Noticed Pikel
  8582 | D:7      | Reached XP level 9. HP: 30/56 MP: 0/16
  9036 | D:7      | Found a flagged portal.
  9238 | D:7      | Gained mutation: You are somewhat resistant to further mutation. [mutagenic meat]
  9239 | D:7      | Lost mutation: You are weak. (Str -2) [mutagenic meat]
  9318 | D:7      | Lost mutation: You are robust (+10% HP). [mutagenic meat]
  9319 | D:7      | Gained mutation: Your spells are a little harder to cast, but a little more powerful. [mutagenic meat]
  9496 | D:7      | Noticed Crazy Yiuf
  9526 | D:7      | Killed Crazy Yiuf
  9647 | D:7      | Reached skill level 8 in Conjurations
 10275 | D:8      | Found a sparkling altar of Nemelex Xobeh.
 10357 | D:8      | Found a glowing golden altar of the Shining One.
 10372 | D:8      | Found a blossoming altar of Fedhas.
 11139 | D:8      | Reached skill level 9 in Conjurations
 11139 | D:8      | Reached XP level 10. HP: 56/56 MP: 8/18
 11349 | D:8      | Found a glowing silver altar of Zin.
 11564 | D:8      | Slain by a komodo dragon

Vault maps used:
D:1:      grunt_arrival_lava_bath
D:2:      grunt_gozag_statues, lemuel_crystal_altar, lemuel_round_altar,
          first_bread, kennysheep_generic_room_14
D:3:      serial_undead, serial_undead_a, serial_undead_e, serial_undead_d,
          serial_undead_f
D:5:      overflow_temple_1_default, minmay_temple_entry_grid,
          minmay_misc_feat_rugged, uniq_eustachio
D:6:      nicolae_overflow_hidden_temple, old_standard_altar, uniq_pikel
D:7:      statuecave_lemuel, enter_bailey_2, uniq_crazy_yiuf_cottage
D:8:      overflow_temple_1_default, lemuel_crystal_altar, nemelex_deck,
          zin_statuary, erik_lair_dragon
Temple:   minmay_temple_bridge_a_8

Action                   |  1- 3 |  4- 6 |  7- 9 | 10-12 || total
-------------------------+-------+-------+-------+-------++-------
Melee: Short sword       |    27 |     4 |    17 |       ||    48
 Fire: Hunting sling     |     6 |   143 |   156 |    21 ||   326
 Cast: Flame Tongue      |    37 |   107 |   193 |    17 ||   354
       Conjure Flame     |       |     7 |    21 |     4 ||    32
       Sticky Flame      |       |       |    27 |     2 ||    29
       Fireball          |       |       |     2 |     1 ||     3
  Use: Potion            |       |     3 |       |       ||     3
       Scroll            |       |       |     6 |       ||     6
 Stab: Sleeping          |     2 |       |       |       ||     2
  Eat: Chunk             |     2 |    10 |    36 |     1 ||    49
       Beef jerky        |       |       |     1 |       ||     1
